 Dungeon Crawl Stone Soup version 0.27.1-1-g398f81649c (webtiles) character file.

Game seed: 9100230866517312944

8533 suldrek the Ogre Mage (level 11, -8/109 HPs)
             Began as an Ogre Conjurer on Sept 12, 2021.
             Was a Priest of Cheibriados.
             Mangled by an eight-headed hydra (14 damage)
             ... on level 1 of the Lair of Beasts on Sept 13, 2021.
             The game lasted 00:35:08 (13647 turns).

suldrek the Ogre Mage (Ogre Conjurer)              Turns: 13647, Time: 00:35:08

Health: -8/109     AC:  9    Str: 21    XL:     11   Next: 32%
Magic:  18/26      EV: 12    Int: 27    God:    Cheibriados [***...]
Gold:   476        SH:  5    Dex: 18    Spells: 25/32 levels left

rFire    . . .     SeeInvis .   D - +6 dagger (flame)
rCold    . . .     Faith    .   (no shield)
rNeg     . . .     Spirit   .   m - +0 acid dragon scales
rPois    .         Reflect  +   (helmet restricted)
rElec    .         Harm     .   w - +0 cloak
rCorr    +         Rampage  .   (gloves unavailable)
Will     +....                  (boots unavailable)
Stlth    ++........             p - amulet of reflection
HPRegen  0.28/turn              (no ring)
MPRegen  0.20/turn              (no ring)

@: very slow
A: large, unfitting armour, tough skin 1
a: Renounce Religion, Bend Time, Temporal Distortion


You were on level 1 of the Lair of Beasts.
You worshipped Cheibriados.
Cheibriados was most pleased with you.
You visited 3 branches of the dungeon, and saw 11 of its levels.

You collected 476 gold pieces.

Inventory:

Hand Weapons
 l - a +3 short sword
 y - the +1 hand axe "Ilutoyd" {chaos, rN+}
   (You found it on level 6 of the Dungeon)

   Each time it hits an enemy it has a different, random effect.
   rN:        It protects you from negative energy.
   Cheibriados disapproves of the use of such an item.
 D - a +6 dagger of flaming (weapon)
Missiles
 H - 2 throwing nets
Armour
 a - a +0 robe
 m - +0 acid dragon scales (worn)
 v - the +0 robe of Sunlight {Str+2}
   (You found it on level 5 of the Dungeon)

   Str:       It affects your strength (+2).
 w - a +0 cloak (worn)
Magical Staves
 g - a staff of earth
Jewellery
 p - an amulet of reflection (around neck)
Wands
 q - a wand of digging (4)
 C - a wand of paralysis (1)
 G - a wand of polymorph (8)
Scrolls
 b - 4 scrolls of teleportation {unknown}
 c - 2 scrolls of fear
 d - 2 scrolls of immolation
 f - 2 scrolls of enchant weapon {unknown}
 h - a scroll of blinking {unknown}
 i - 2 scrolls of summoning {unknown}
 k - a scroll of acquirement {unknown}
 o - 3 scrolls of enchant armour
 s - 7 scrolls of identify
 t - 2 scrolls of noise {unknown}
 A - a scroll of fog {unknown}
 B - a scroll of silence {unknown}
 E - a scroll of vulnerability {unknown}
Potions
 e - 2 potions of haste
 j - 6 potions of curing
 n - 2 potions of degeneration
 r - a potion of cancellation
 u - a potion of resistance {unknown}
 x - a potion of heal wounds
 z - a potion of invisibility {unknown}
 F - a potion of mutation {unknown}


   Skills:
 + Level 7.0 Fighting
 + Level 4.8 Armour
 + Level 5.4 Dodging
 - Level 1.4 Stealth
 * Level 11.2 Spellcasting
 * Level 8.4 Conjurations
 - Level 5.0 Translocations


You had 25 spell levels left.
You knew the following spells:

 Your Spells              Type           Power      Damage    Failure   Level
a - Magic Dart            Conj           100%       1d8       1%          1
b - Searing Ray           Conj           100%       3d7       1%          2
c - Iskenderun's Mystic   Conj/Tloc      51%        2d11      3%          4

Your spell library contained the following spells:

 Spells                   Type           Power      Damage    Failure   Level
 Apportation              Tloc           84%        N/A       1%          1
 Dazzling Flash           Conj/Hex       76%        N/A       2%          3
 Animate Skeleton         Necr           30%        N/A       4%          1
 Corona                   Hex            16%        N/A       4%          1
 Summon Small Mammal      Summ           60%        N/A       4%          1
 Fulminant Prism          Conj/Hex       19%        3d11      9%          4
 Agony                    Necr           15%        N/A       80%         5
 Silence                  Hex/Air        7%         N/A       80%         5


Dungeon Overview and Level Annotations

Branches:
Dungeon (9/15)             Temple (1/1) D:4            Lair (1/6) D:9
    Orc: D:9-12

Altars:
Ashenzari
Cheibriados
Dithmenos
Elyvilon
Fedhas
Gozag
Hepliaklqana
Kikubaaqudgha
Makhleb
Nemelex Xobeh
Okawaru
Qazlal
Ru
Sif Muna
Trog
Uskayaw
Vehumet
Wu Jian
Xom
Yredelemnul
Zin
The Shining One

Annotations:
D:7 2 transporters, Grum; ZARRMARR's ghost, novice OpMo
D:9 1 runed translucent door


Innate Abilities, Weirdness & Mutations

You are too large for most types of armour.
You have tough skin. (AC +1)


Message History

The eight-headed hydra misses you. The eight-headed hydra bites you!
The eight-headed hydra misses you.
The eight-headed hydra completely misses you.
Unknown command.
The searing ray hits the eight-headed hydra!
The eight-headed hydra is severely wounded.
The eight-headed hydra bites you.
The eight-headed hydra closely misses you.
The eight-headed hydra bites you.
The eight-headed hydra bites you but does no damage.
The eight-headed hydra barely misses you.
The eight-headed hydra bites you!
* * * LOW HITPOINT WARNING * * *
The eight-headed hydra bites you!
* * * LOW HITPOINT WARNING * * *
You block the eight-headed hydra's attack.
Unknown command.
It was a potion of heal wounds.
You feel much better.
You block the eight-headed hydra's attack.
The eight-headed hydra closely misses you.
The eight-headed hydra bites you.
* * * LOW HITPOINT WARNING * * *
The eight-headed hydra bites you but does no damage.
The eight-headed hydra bites you!
* * * LOW HITPOINT WARNING * * *
The eight-headed hydra closely misses you.
The eight-headed hydra bites you!
* * * LOW HITPOINT WARNING * * *
The eight-headed hydra bites you.
* * * LOW HITPOINT WARNING * * *
You feel much better. The eight-headed hydra bites you!
* * * LOW HITPOINT WARNING * * *
The eight-headed hydra bites you.
* * * LOW HITPOINT WARNING * * *
The eight-headed hydra bites you!
* * * LOW HITPOINT WARNING * * *
You block the eight-headed hydra's attack.
The eight-headed hydra closely misses you. x2
The eight-headed hydra bites you!
You die...

###...####P...P#.......#
#.......#....####..##..#
#...........## #..#
##..........## ##..#
#...........# #...#
##..<.......# ###..##
###.###.....##P...# ###
###.........#
##...D@..## ##.>..###
###.## ##


You could see an eight-headed hydra.

Vanquished Creatures
  Joseph (D:8)
  Maurice (D:8)
  Maggie (D:6)
  A cane toad (D:9)
  A komodo dragon (D:9)
  Grinder (D:3)
  Sigmund (D:2)
  5 wraiths (D:9)
  3 wyverns
  5 yaks (D:8)
  2 fire bats (D:9)
  An acid dragon (D:9)
  2 water moccasins
  2 orc warriors
  3 black bears
  2 sky beasts
  2 ice beasts (D:5)
  2 necrophages
  2 ogres (D:4)
  5 wolves (D:9)
  A centaur (D:7)
  A phantom (D:6)
  A gnoll sergeant (D:9)
  3 bullfrogs
  5 scorpions
  A wyvern skeleton (D:7)
  A water moccasin skeleton (D:6)
  8 killer bees
  3 wights (D:8)
  2 howler monkeys (D:8)
  2 bullfrog zombies
  A centaur zombie (D:9)
  5 hounds
  Crazy Yiuf (D:6)
  A gnoll shaman (D:4)
  4 orc priests
  8 iguanas
  2 jellies (D:5)
  A bullfrog skeleton (D:6)
  5 orc wizards
  Natasha (thrice) (D:3)
  Ijyb (D:3)
  A killer bee zombie (D:7)
  A hound skeleton (D:4)
  A mummy (D:6)
  A howler monkey zombie (D:9)
  Robin (D:2)
  A howler monkey skeleton (D:4)
  12 gnolls
  7 adders
  A shadow imp (D:5)
  4 dart slugs
  8 orcs
  3 ball pythons
  11 endoplasms
  7 giant cockroaches
  16 goblins
  6 hobgoblins
  4 jackals
  6 kobolds
  A quokka (D:4)
  10 bats
  8 frilled lizards
  A jackal skeleton (D:4)
  10 rats
224 creatures vanquished.

Vanquished Creatures (others)
  2 demonic plants (D:1)
  13 plants
  A withered plant (D:1)
16 creatures vanquished.

Grand Total: 240 creatures vanquished

Notes
Turn   | Place    | Note
-------+----------+-------------------------------------------
     0 | D:1      | suldrek the Ogre Conjurer began the quest for the Orb.
     0 | D:1      | Reached XP level 1. HP: 16/16 MP: 3/3
   309 | D:1      | Reached XP level 2. HP: 26/26 MP: 2/5
   370 | D:1      | Reached skill level 1 in Fighting
   502 | D:1      | Reached skill level 3 in Spellcasting
  1283 | D:1      | Found a faded altar of an unknown god.
  1727 | D:2      | Reached XP level 3. HP: 29/33 MP: 3/7
  1764 | D:2      | Learned a level 2 spell: Searing Ray
  1949 | D:2      | Noticed Robin
  1993 | D:2      | Killed Robin
  2359 | D:2      | Noticed Sigmund
  2363 | D:2      | Killed Sigmund
  2364 | D:2      | Reached skill level 5 in Spellcasting
  2364 | D:2      | Reached XP level 4. HP: 45/45 MP: 3/11
  2364 | D:2      | Reached XP level 5. HP: 53/53 MP: 3/12
  2571 | D:2      | Reached XP level 6. HP: 61/61 MP: 9/13
  2978 | D:3      | Noticed Grinder
  3033 | D:3      | Paralysed by Grinder for 2 turns
  3035 | D:3      | Noticed Natasha
  3389 | D:3      | Killed Natasha
  3459 | D:3      | Noticed Natasha
  3463 | D:3      | Killed Natasha
  3583 | D:3      | Found an ornate altar of the Wu Jian Council.
  3752 | D:3      | Noticed Natasha
  3762 | D:3      | Killed Natasha
  3763 | D:3      | Reached XP level 7. HP: 56/67 MP: 5/15
  3842 | D:3      | Reached skill level 6 in Spellcasting
  3972 | D:3      | Noticed Ijyb
  3981 | D:3      | Killed Ijyb
  4121 | D:3      | Paralysed by Grinder for 3 turns
  4129 | D:3      | Paralysed by Grinder for 6 turns
  4159 | D:3      | Killed Grinder
  4160 | D:3      | Reached skill level 5 in Conjurations
  4620 | D:4      | Reached skill level 7 in Spellcasting
  4640 | D:4      | Reached XP level 8. HP: 76/76 MP: 7/18
  4975 | D:4      | Reached skill level 1 in Armour
  5753 | D:4      | Found a staircase to the Ecumenical Temple.
  5762 | Temple   | Entered the Ecumenical Temple
  5941 | D:5      | Entered Level 5 of the Dungeon
  5998 | D:5      | Reached skill level 8 in Spellcasting
  6148 | D:5      | Learned a level 4 spell: Iskenderun's Mystic Blast
  6258 | D:5      | Found a radiant altar of Vehumet.
  6378 | D:5      | Reached skill level 5 in Fighting
  6378 | D:5      | Reached XP level 9. HP: 88/88 MP: 14/21
  6431 | D:5      | Identified the +0 robe of Sunlight {Str+2}
  6575 | D:5      | Reached skill level 1 in Translocations
  6851 | D:6      | Found a runed translucent door.
  6852 | D:6      | Noticed Crazy Yiuf
  6905 | D:6      | Killed Crazy Yiuf
  7319 | D:6      | Found a snail-covered altar of Cheibriados.
  7374 | D:6      | Became a worshipper of Cheibriados the Contemplative
  7394 | D:6      | Reached skill level 9 in Spellcasting
  7673 | D:6      | Noticed Maggie
  7687 | D:6      | Killed Maggie
  8052 | D:6      | Identified the +1 hand axe "Ilutoyd" {chaos, rN+}
  8661 | D:7      | Identified the +10 trident "Giantslayer" {venom, rPois
                  | rF+++ Str-3 Dex-5}
  8726 | D:7      | Found a transporter.
  9008 | D:7      | Noticed ZARRMARR's ghost (novice OpMo)
  9020 | D:7      | Noticed Grum
  9028 | D:7      | Reached XP level 10. HP: 79/100 MP: 17/23
  9116 | D:7      | Identified the ring of Moodiness {rN+ Will+ rCorr}
  9122 | D:7      | Found a transporter.
  9324 | D:8      | Noticed Maurice
  9555 | D:8      | Reached skill level 10 in Spellcasting
  9694 | D:8      | Reached * piety under Cheibriados
 10424 | D:8      | Noticed Joseph
 10436 | D:8      | Killed Joseph
 10621 | D:8      | Killed Maurice
 10948 | D:9      | Found a staircase to the Lair.
 11247 | D:9      | Reached ** piety under Cheibriados
 11304 | D:9      | Found a hide-covered altar of Uskayaw.
 11304 | D:9      | Found an opulent altar of Gozag.
 11305 | D:9      | Found a glowing golden altar of the Shining One.
 11309 | D:9      | Found a shadowy altar of Dithmenos.
 11489 | D:9      | Reached skill level 5 in Dodging
 11489 | D:9      | Reached XP level 11. HP: 13/107 MP: 10/25
 11922 | D:9      | Found a runed translucent door.
 11934 | D:9      | Reached skill level 11 in Spellcasting
 12045 | D:9      | Found a shimmering altar of Xom.
 12200 | D:9      | Found a radiant altar of Vehumet.
 12284 | D:9      | Found an opulent altar of Gozag.
 12321 | D:9      | Noticed a flayed ghost
 12333 | D:9      | Found a broken altar of Ashenzari.
 12443 | D:9      | Found a glowing silver altar of Zin.
 12452 | D:9      | Found an iron altar of Okawaru.
 12490 | D:9      | Reached *** piety under Cheibriados
 12688 | D:9      | Reached skill level 5 in Translocations
 12981 | Lair:1   | Entered Level 1 of the Lair of Beasts
 13636 | Lair:1   | Noticed an eight-headed hydra
 13646 | Lair:1   | HP: 5/109 [eight-headed hydra (5)]
 13647 | Lair:1   | Mangled by an eight-headed hydra

Illustrated notes

Levels and vault maps discovered:
D:1:      mrwooster_arrival_statue_3, layout_basic, shapermc_ecumenical_altar_gd
D:2:      layout_loops_cross, minivault_11, minmay_misc_feat_encased,
          st_stairs_11, kennysheep_crisscross, uniq_robin, uniq_sigmund
D:3:      layout_rooms, mainiacjoe_overflow_tiny_flanked, uniq_ijyb,
          uniq_natasha, uniq_grinder
D:4:      layout_layer_cave, minmay_temple_entry_nine_rooms
D:5:      layout_rooms, nicolae_vehumet_altar_sigil
D:6:      layout_loops_cross, slow_altar_1, uniq_crazy_yiuf_cottage, uniq_maggie
D:7:      layout_rooms, gammafunk_ghost_gnarly_gnolls
D:8:      layout_loops_ring, uniq_maurice, uniq_joseph
D:9:      due_megacathedral, layout_cave_pods, minitemple, dpeg_oklobed_lair,
          minmay_lizard_king
Temple:   regret_index_temple_waves
Lair:1:   layout_layer_cave

Skill      XL: |  1  2  3  4  5  6  7  8  9 10 11 |
---------------+----------------------------------+-----
Fighting       | 1 3 5 6 7 |  7.0
Spellcasting   | 3 5 7 8 9 10 11 | 11.2
Conjurations   | 4 5 6 8 |  8.4
Dodging        | 2 3 4 5 |  5.4
Armour         | 2 3 4 |  4.8
Translocations | 2 4 5 |  5.0
Stealth        | |  1.4

Action                   |  1- 3 |  4- 6 |  7- 9 | 10-12 || total
-------------------------+-------+-------+-------+-------++-------
Melee: Unarmed           |    19 |       |       |       ||    19
       Dagger            |       |     2 |       |       ||     2
 Cast: Magic Dart        |    56 |    70 |   125 |    15 ||   266
       Searing Ray       |     6 |     7 |    57 |    73 ||   143
Evoke: Wand              |       |       |     1 |     4 ||     5
  Use: Potion            |     1 |       |     1 |     2 ||     4
       Scroll            |       |       |     6 |     1 ||     7
Armor: Robe              |    18 |     3 |     9 |       ||    30
       Acid dragon scale |       |       |    13 |    54 ||    67
Dodge: Dodged            |    34 |    20 |    40 |    72 ||   166
Block: Other             |       |       |    19 |    45 ||    64
       Reflection        |       |       |     1 |     2 ||     3
